 Dungeon Crawl Stone Soup version 0.19.1-1-g22dce08 (webtiles) character file.

133 Kjetter the Conjurer (level 5, 0/35 HPs)
             Began as a Human Conjurer on Jan 13, 2017.
             Succumbed to a worker ant's poison
             ... on level 4 of the Dungeon.
             The game lasted 00:21:41 (3364 turns).

Kjetter the Conjurer (Human Conjurer)               Turns: 3364, Time: 00:21:41

Health: 0/35       AC:  4    Str:  9    XL:     5   Next: 40%
Magic:  4/9        EV: 12    Int: 21    God:
Gold:   227        SH:  0    Dex: 13    Spells: 2 memorised, 6 levels left

rFire  . . .     SeeInvis .     f - +1 dagger (drain)
rCold  . . .     Gourm    .     e - +1 robe
rNeg   . . .     Faith    .     (no shield)
rPois  .         Spirit   .     d - +0 helmet
rElec  .         Reflect  .     (no cloak)
rCorr  .         Harm     .     (no gloves)
MR     .....                    (no boots)
Stlth  ++........               (no amulet)
                                (no ring)
                                (no ring)

@: brilliant, lethally poisoned (0 -> -6)
A: no striking features
a: no special abilities


You were on level 4 of the Dungeon.
You were not hungry.

You visited 1 branch of the dungeon, and saw 4 of its levels.

You collected 227 gold pieces.

Inventory:

Hand Weapons
 f - a +1 dagger of draining (weapon)
Armour
 a - a +0 robe
 d - a +0 helmet (worn)
 e - a +1 robe (worn)
Scrolls
 i - a scroll of immolation {unknown}
 l - a scroll of enchant armour
 m - a scroll of amnesia {unknown}
 r - 2 scrolls of remove curse {unknown}
 s - a scroll of teleportation {unknown}
 t - a scroll of fear {unknown}
Potions
 p - a potion of invisibility {unknown}
Books
 b - a book of Conjurations

   Spells                             Type                      Level
   a - Magic Dart                     Conjuration                  1
   b - Searing Ray                    Conjuration                  2
   c - Dazzling Spray                 Conjuration/Hexes            3
   d - Fulminant Prism                Conjuration/Hexes            4
   e - Iskenderun's Mystic Blast      Conjuration                  4
   f - Iskenderun's Battlesphere      Conjuration/Charms           5
Comestibles
 c - 4 bread rations
 n - a meat ration
 o - a chunk of flesh


   Skills:
 + Level 2.2 Dodging
 + Level 2.6 Stealth
 + Level 2.8 Spellcasting
 + Level 5.4 Conjurations


You had 6 spell levels left.
You knew the following spells:

 Your Spells              Type           Power        Failure   Level  Hunger
a - Magic Dart            Conj           ####         1%          1    None
b - Searing Ray           Conj           #####.       1%          2    ##.....


Dungeon Overview and Level Annotations

Branches:
Dungeon (4/15)
 Temple: D:4-7

Altars:

Annotations:
D:4 Eustachio


Message History

Casting: Magic Dart
Confirm with . or Enter, or press ? or * to list all spells.
Aiming: Magic Dart
Press: ? - help, Shift-Dir - straight line, f/p - Eustachio
Aim: Eustachio, wielding a rapier of venom and wearing a leather armour (moderately wounded)
The magic dart hits Eustachio.
Eustachio is moderately wounded.
The bat hits you but does no damage. The worker ant bites you.
Eustachio hits you with a rapier of venom!
* * * LOW HITPOINT WARNING * * *
As you read the scroll labeled OKLURA CYOGH, it crumbles to dust.
It is a scroll of enchant weapon.
Your +0 dagger of draining glows red for a moment.
* * * LOW HITPOINT WARNING * * *
You feel sick. The bat barely misses you. The worker ant barely misses you.
The bat misses you. Eustachio hits you but does no damage.
The worker ant bites you.
* * * LOW HITPOINT WARNING * * *
It was a potion of cure mutation.
It has a very clean taste.
You die...

.... .. #.#.## .. #....#
... #########....# ...
#......##....#.(..
#......##....#....
########5.....##.........
.......a@##§##...##'##...
########@#⌠.5##.##⌠.⌠# ..
#b##..5###...## #
#####.....÷.## ##..<..##
##⌠.⌠## #####


You could see Eustachio, a worker ant, an ufetubus and a bat.

Vanquished Creatures
  A worker ant (D:3)
  4 adders
  2 dart slugs
  A leopard gecko (D:2)
  5 orcs (D:3)
  3 ball pythons
  3 bats (D:1)
  4 giant cockroaches
  4 hobgoblins
  4 jackals
  6 kobolds
  2 quokkas
  5 frilled lizards
  11 goblins
  3 rats
58 creatures vanquished.

Notes
Turn   | Place    | Note
-------+----------+-------------------------------------------
     0 | D:1      | Kjetter the Human Conjurer began the quest for the Orb.
     0 | D:1      | Reached XP level 1. HP: 13/13 MP: 3/3
   122 | D:1      | Reached XP level 2. HP: 19/19 MP: 0/5
   180 | D:1      | Learned a level 2 spell: Searing Ray
   570 | D:1      | Reached XP level 3. HP: 24/24 MP: 1/6
  1338 | D:2      | Reached skill level 5 in Conjurations
  1453 | D:2      | Reached XP level 4. HP: 30/30 MP: 5/7
  2728 | D:3      | Reached XP level 5. HP: 30/35 MP: 1/8
  3021 | D:4      | Noticed Eustachio
  3343 | D:4      | HP: 1/35 [worker ant (6)]
  3363 | D:4      | HP: 1/35 [worker ant (6)]
  3364 | D:4      | Succumbed to a worker ant's poison

Skill      XL: |  1  2  3 |
---------------+----------+-----
Conjurations   | 5 |  5.4
Dodging        | |  2.2
Stealth        | |  2.6
Spellcasting   | |  2.8

Action                   |  1- 3 |  4- 6 || total
-------------------------+-------+-------++-------
Melee: Dagger            |       |     8 ||     8
 Cast: Magic Dart        |    51 |   123 ||   174
       Searing Ray       |     3 |     9 ||    12
  Use: Scroll            |       |     4 ||     4
       Potion            |       |     7 ||     7
  Eat: Bread ration      |     1 |     1 ||     2
       Chunk             |       |     2 ||     2
Armor: Robe              |       |    53 ||    53
Dodge: Dodged            |     3 |   104 ||   107
